Unix NetHack Version 5.0.0-0 post-release - last build May  4 2026 22:22:43 (774f63e81ad911689b3a0859ea89b322d5daca8d,branch:main).

Game began 2026-05-09 04:43:07, ended 2026-05-09 04:56:30.

BeardyHaddock, lawful male dwarven Archeologist

                                                    --- ---
                                                    |..--.-----------
                                                    |..@`..|.|..--..---
                                                 -.>. -Bf....G.G.<....|
                                                |.. |.*.........--....|
                                                - | ---........----.---
                                                      ----.....|  ---
                                                         |....--
                                                         --..--
                                                          ....
                                                         ......
                                                        -......h
                                                        ...--....
                                                       ..--  -....
                                                      ...     ....
                                                     ----      ....
                                                               .....
                                                               .|....
                                                               --...-
                                                                 -.--
                                                                  --
BeardyHaddock the Field Worker  St:12 Dx:10 Co:15 In:16 Wi:16 Ch:8  Lawful
Dlvl:4  $:220 HP:0(27) Pw:10(10) AC:9  Xp:3 T:2064 

Latest messages:
 You write in the dust with your fingertip.
 What do you want to write in the dust here? Elbereth
 The kitten turns to flee.
 The kitten misses the kitten.
 You descend the stairs.
 The kitten bites the gnome.
 It misses the gnome.
 The kitten misses the gnome.
 The kitten bites the gnome.
 The gnome misses the kitten.
 The kitten misses the gnome.
 The kitten misses the gnome.
 The kitten misses the gnome.
 The kitten misses the gnome.
 The kitten bites the gnome.
 The gnome misses the kitten.
 The kitten bites the gnome.
 The gnome is killed!
 You are beginning to feel hungry.
 What do you want to eat? [dpCFG or ?*] ?
 This lembas wafer is delicious!
 You finish eating the lembas wafer.
 You swap places with your kitten.
 The kitten misses the gnome.
 The little dog bites!
 The little dog bites!
 The little dog bites!
 The kitten misses the gnome.
 What do you want to write with? [- agk or ?*] -
 You write in the dust with your fingertip.
 What do you want to write in the dust here? Elbereth
 The little dog turns to flee.
 The kitten misses the gnome.
 The kitten bites the little dog.
 The kitten misses the little dog.
 The kitten bites the little dog.
 The little dog misses the kitten.
 The giant bat turns to flee.
 The kitten bites the little dog.
 The little dog is killed!
 The giant bat bites!
 You lash the giant bat.
 The giant bat bites!
 The giant bat bites!
 You lash the giant bat.
 The giant bat bites!
 The kitten misses the giant bat.
 The giant bat bites!
 You die...
 Do you want your possessions identified? [ynq] (y) q

Inventory:
 Coins    ('$')
  $ - 220 gold pieces
 Weapons  (')')
  k - a blessed +1 dwarvish spear
  a - a +2 bullwhip (weapon in right hand)
 Armor    ('[')
  c - an uncursed +0 fedora (being worn)
  b - an uncursed +0 leather jacket (being worn)
 Comestibles  ('%')
  C - an uncursed clove of garlic
  d - 4 uncursed food rations
  F - 2 uncursed food rations
  p - an uncursed tin of sauteed fox meat
 Scrolls  ('?')
  s - an uncursed scroll of enchant weapon
  m - an uncursed scroll of gold detection
  B - an uncursed scroll of identify
 Potions  ('!')
  j - 2 uncursed potions of monster detection
  l - an uncursed potion of see invisible
  E - a potion of holy water
 Tools    ('(')
  h - an empty uncursed sack
  i - an uncursed oil lamp
  e - a +0 pick-axe
  f - a tinning kit (0:41)
 Gems/Stones  ('*')
  g - an uncursed touchstone

BeardyHaddock the Archeologist's attributes:

Background:
 You were a Field Worker, a level 3 male dwarven Archeologist.
 You were lawful, on a mission for Quetzalcoatl
 who was opposed by Camaxtli (neutral) and Huhetotl (chaotic).
 You were right-handed.
 You were in the Gnomish Mines, on level 4.
 You entered the dungeon 2064 turns ago.
 It was nighttime.
 You had 58 experience points, 22 more were needed to attain level 4.

Basics:
 You had 0 out of 27 hit points.
 You had all 10 energy points (spell power).
 Your armor class was 9.
 Your wallet contained 220 zorkmids.
 Autopickup was off.

Final Characteristics:
 Your strength was 12 (limit:18/100).
 Your dexterity was 10 (limit:20).
 Your constitution was 15 (limit:20).
 Your intelligence was 16 (limit:16).
 Your wisdom was 16 (limit:16).
 Your charisma was 8 (limit:16).

Final Status:
 You weren't hungry.
 You were unencumbered.
 You were wielding a whip.
 You had basic skill with whip.

Final Attributes:
 You were devoutly aligned.
 You had automatic searching.
 You had infravision.
 You were lucky.
 You are dead.

Miscellaneous:
 You didn't encounter any bones levels.
 Total elapsed playing time was 13 minutes and 23 seconds.

Major events:
 Turn
    1: BeardyHaddock the lawful male dwarven Archeologist entered the dungeon
 1424: attained the rank of Field Worker (level 3)
 2024: entered the Gnomish Mines
 2064: killed by a giant bat

Spells:
 Name                 Level Category     Fail Retention
 detect monsters        1   divination     0%  76%-100%
 sleep                  3   enchantment  100%  76%-100%
 light                  1   divination     0%  76%-100%
 confuse monster        1   enchantment    0%  76%-100%
 fireball               4   attack       100%  76%-100%
 haste self             3   escape       100%  76%-100%
 create monster         2   clerical      78%  76%-100%
 remove curse           3   clerical     100%  76%-100%

Skills:
 Fighting Skills
   bare handed combat [Unskilled]
   two weapon combat  [Unskilled]
   riding             [Unskilled]
 Weapon Skills
   dagger             [Unskilled]
   knife              [Unskilled]
   pick-axe           [Basic]
   short sword        [Unskilled]
   saber              [Unskilled]
   club               [Unskilled]
   quarterstaff       [Unskilled]
   sling              [Unskilled]
   dart               [Unskilled]
   boomerang          [Unskilled]
   whip               [Basic]
   unicorn horn       [Unskilled]
 Spellcasting Skills
   attack spells      [Unskilled]
   healing spells     [Unskilled]
   divination spells  [Unskilled]
   matter spells      [Unskilled]

Voluntary challenges:
 Character rerolling was not enabled.
 You never genocided any monsters.
 You never polymorphed an object.
 You never changed form.
 You used no wishes.
Achievements:
 You entered a shop.
 You attained the rank of Field Worker.
 You entered the Gnomish Mines.

 The Dungeons of Doom: levels 1 to 3
    Level 1:
    Level 2:
       A food shop, some fountains, a sink.
    Level 3:
       A bookstore, a fountain.
       Stairs down to The Gnomish Mines.
 The Gnomish Mines:
    Level 4: <- You were here.
       Final resting place for
          you, killed by a giant bat.


Vanquished creatures:
  a shrieker
  a little dog
  a dwarf zombie
  a gas spore
  a hobbit
  a large kobold
  2 yellow molds
  a green mold
  a gnome
  2 jackals
  2 kobolds
  2 goblins
  3 grid bugs
  a bat
  2 lichens
  a kobold zombie
  5 newts
28 creatures vanquished.

No species were genocided or became extinct.

Game over:
                       ----------
                      /          \
                     /    REST    \
                    /      IN      \
                   /     PEACE      \
                  /                  \
                  |  BeardyHaddock   |
                  |      220 Au      |
                  |   killed by a    |
                  |    giant bat     |
                  |                  |
                  |                  |
                  |       2026       |
                 *|     *  *  *      | *
        _________)/\\_//(\/(/\)/\//\/|_)_______

Goodbye BeardyHaddock the Archeologist...

You died in The Gnomish Mines on dungeon level 4 with 590 points,
and 220 pieces of gold, after 2064 moves.
You were level 3 with a maximum of 27 hit points when you died.

